 Dungeon Crawl Stone Soup version 0.27-a0-1277-g3808f8b1c9 (webtiles) character file.

Game seed: 12112497362065185353

4 Glokmah the Chucker (level 1, 16/16 HPs)
             Began as a Merfolk Hunter on June 12, 2021.
             Was a Follower of Vehumet.
             Quit the game on level 1 of the Dungeon.
             The game lasted 00:00:43 (173 turns).

Glokmah the Chucker (Merfolk Hunter)                 Turns: 173, Time: 00:00:44

Health: 16/16      AC:  5    Str: 12    XL:     1   Next: 70%
Magic:  1/1        EV: 11    Int: 10    God:    Vehumet [*.....]
Gold:   16         SH:  0    Dex: 14    Spells: 0/0 levels left

rFire    . . .     SeeInvis .   a - +0 short sword
rCold    . . .     Faith    .   (no shield)
rNeg     . . .     Spirit   .   f - +0 ring mail
rPois    .         Reflect  .   (no helmet)
rElec    .         Harm     .   (no cloak)
rCorr    .         Rampage  .   (no gloves)
Will     .....                  (no boots)
Stlth    +.........             (no amulet)
HPRegen  0.05/turn              (no ring)
MPRegen  0.07/turn              (no ring)

@: no status effects
A: (nimble swimmer 2), mertail
a: Renounce Religion


You were on level 1 of the Dungeon.
You worshipped Vehumet.
Vehumet was aware of your devotion.
You visited 1 branch of the dungeon, and saw 1 of its levels.

You collected 16 gold pieces.

Inventory:

Hand Weapons
 a - a +0 short sword (weapon)
Missiles
 c - 6 javelins (quivered)
 d - 2 throwing nets
 e - 12 stones
Armour
 f - a +0 ring mail (worn)


   Skills:
 + Level 2.3 Fighting
 * Level 4.1 Throwing
 + Level 2.8 Dodging
 - Level 1.1 Stealth


You couldn't memorise any spells.
You didn't know any spells.
Your spell library was empty.

Dungeon Overview and Level Annotations

Branches:
Dungeon (1/15)

Altars:
Vehumet


Innate Abilities, Weirdness & Mutations

((You are quick and stealthy near water. (Stealth+, EV+, Speed+++)))
Your lower body shifts to a powerful aquatic tail in water.


Message History

a +0 club; a goblin corpse
Found a stone staircase leading down.
You see here a +0 ring mail.
f - a +0 ring mail You start removing your armour.
You continue taking off your +0 leather armour. x4
You finish taking off your +0 leather armour.
You start putting on your armour.
You continue putting on your +0 ring mail. x5
You finish putting on your +0 ring mail.
You drop a +0 leather armour.
You now have 16 gold pieces (gained 8).
You open the door.
There is an open door here.
A goblin comes into view. It is wielding a +0 club.
The goblin shouts!
A goblin is nearby!
You hit the goblin.
You kill the goblin!
Things that are here:
a +0 club; a goblin corpse
There is an open door here.
Things that are here:
a +0 club; a goblin corpse A rat comes into view.
The rat bites you but does no damage.
You hit the rat.
The rat is heavily wounded.
The rat twitches its whiskers.
The rat bites you but does no damage.
You hit the rat.
You kill the rat!
Found a faded altar of an unknown god.
There is a faded altar of an unknown god here.
You cannot tell which god this altar belongs to.
Convert to them anyway?
Vehumet accepts your prayer! Vehumet welcomes you!
You can now gain magical power from killing.
Vehumet offers you knowledge of Shock.
Are you sure you want to abandon this character and quit the game? (Confirm with "yes".)

#.......# #.
#.....♣♣.♣ ####
#......♣ #...
#...♣♣♣♣ #
###.≈≈
#...♣..♣♣♣♣♣
#.#...≈.
#....♣♣..♣.♣
#.#.≈≈≈.
#.....♣♣.♣♣♣.♣
#...≈...
#.#....♣.♣♣.♣♣♣
#.≈≈≈.≈≈
#.#..♣.♣.♣.♣.@♣
#.≈...≈. # #..
.♣♣.♣♣♣.♣
.#.≈.≈≈≈. ##.
.♣♣♣♣ .♣♣
...≈..... #. ..
♣♣ ≈≈.≈≈≈.<. ##
.. .≈...≈...
.≈≈≈.≈.≈≈
...≈...≈.
##.≈≈≈≈≈.
.........


There were no monsters in sight!

Vanquished Creatures
  A hobgoblin (D:1)
  A ball python (D:1)
  2 goblins (D:1)
  2 rats (D:1)
6 creatures vanquished.

Notes
Turn   | Place    | Note
-------+----------+-------------------------------------------
     0 | D:1      | Glokmah the Merfolk Hunter began the quest for the Orb.
     0 | D:1      | Reached XP level 1. HP: 16/16 MP: 1/1
   169 | D:1      | Found a faded altar of an unknown god.
   172 | D:1      | Became a worshipper of Vehumet
   172 | D:1      | Reached * piety under Vehumet
   172 | D:1      | Offered knowledge of Shock by Vehumet.
   173 | D:1      | Quit the game

Illustrated notes

Levels and vault maps discovered:
D:1:      psy_arrival_radial02, layout_basic, chequers_ecumenical_altar_grove

Action                   || total
-------------------------++-------
Melee: Short sword       ||    14
Armor: Ring mail         ||     2
       Leather armour    ||     1
Dodge: Dodged            ||     9

Table legend: (Time is in decaauts)
 A = Elapsed time spent in this place.
 B = Non-inter-level travel time spent in this place.
 C = Inter-level travel time spent in this place.
 D = Time resting spent in this place.
 E = Time spent auto-exploring this place.
 F = Levels seen in this place.
 G = Mean time per level.
                   A        B        C        D        E       F      G
               +--------+--------+--------+--------+--------+-----+--------+
         Total |    172 |    172 |      0 |      0 |     96 |   1 |  172.0 |
       Dungeon |    172 |    172 |      0 |      0 |     96 |   1 |  172.0 |
               +--------+--------+--------+--------+--------+-----+--------+

Top non-repeatable levels by time:
     D:1: 172 daAuts
